 Dungeon Crawl Stone Soup version 0.29.1-15-g9cfb28693d (webtiles) character file.

Game seed: 12973059289008154164

2019 HOAXBANE2 the Disciple of Destruction (level 9, 0/41 HPs)
             Began as a Spriggan Artificer on Mar 30, 2023.
             Was a Follower of Makhleb.
             Killed by divine providence
             ... invoked by an orc priest
              (10 damage)
             ... on level 7 of the Dungeon.
             The game lasted 00:35:01 (9953 turns).

HOAXBANE2 the Disciple of Destruction (SpAr)        Turns: 9953, Time: 00:35:01

Health: 0/41       AC: 11    Str:  6    XL:     9   Next: 3%
Magic:  17/17      EV: 18    Int: 17    God:    Makhleb [*.....]
Gold:   152        SH:  6    Dex: 11    Spells: 18/18 levels left

rFire   . . .      SeeInvis +   A - +1 falchion (protect)
rCold   . . .      Faith    .   r - +2 buckler
rNeg    . . .      Spirit   .   x - +2 robe of Minor Irritation {rPois Regen+ Str-2 Dex-4}
rPois   +          Reflect  .   (helmet restricted)
rElec   .          Harm     .   (no cloak)
rCorr   .          Rampage  .   (gloves unavailable)
Will    ++...                   (boots unavailable)
Stlth   ++........              q - amulet of regeneration
HPRegen 1.73/turn               a - ring of willpower
MPRegen 0.15/turn               (no ring)

@: under a protective aura, very quick
A: very small, no large weapons, unfitting armour, see invisible, speed 3
a: Renounce Religion


You were on level 7 of the Dungeon.
You worshipped Makhleb.
Makhleb was aware of your devotion.
You visited 1 branch of the dungeon, and saw 7 of its levels.

You collected 300 gold pieces.
You spent 148 gold pieces at shops.

Inventory:

Hand Weapons
 n - a +0 dagger of electrocution
 z - a +0 dagger of venom
 A - a +1 falchion of protection (weapon)
Missiles
 k - 8 poisoned darts (quivered)
Armour
 b - a +0 robe
 r - a +2 buckler (worn)
 x - the +2 robe of Minor Irritation (worn) {rPois Regen+ Str-2 Dex-4}
   (You bought it in a shop on level 1 of the Dungeon)

   Str:       It affects your strength (-2).
   Dex:       It affects your dexterity (-4).
   rPois:     It protects you from poison.
   Regen:     It increases your rate of health regeneration.
 B - an orb of light
Magical Staves
 i - a staff of earth
Jewellery
 a - a ring of willpower (left hand)
 q - an amulet of regeneration (around neck)
Wands
 c - a wand of flame (42)
 d - a wand of charming (14)
 e - a wand of iceblast (5)
 u - a wand of digging (4)
 w - a wand of roots (10)
Scrolls
 f - 4 scrolls of teleportation {unknown}
 l - 2 scrolls of fog {unknown}
 o - a scroll of blinking {unknown}
 p - a scroll of magic mapping {unknown}
 v - a scroll of noise {unknown}
 y - a scroll of enchant weapon {unknown}
Potions
 g - a potion of flight
 h - a potion of mutation
 j - a potion of lignification
 m - 4 potions of curing
 s - 2 potions of resistance
 t - 2 potions of brilliance


   Skills:
 - Level 1.0 Fighting
 - Level 8.0 Dodging
 - Level 2.0 Stealth
 - Level 5.0 Spellcasting
 + Level 8.2 Invocations
 - Level 7.0 Evocations


You had 18 spell levels left.
You didn't know any spells.
Your spell library contained the following spells:

 Spells                   Type           Power      Damage    Failure   Level
 Gell's Gravitas          Tloc           4%         N/A       67%         3
 Ignite Poison            Fire/Tmut/Pois 4%         N/A       67%         3
 Mephitic Cloud           Conj/Pois/Air  4%         N/A       67%         3
 Summon Guardian Golem    Hex/Summ       4%         N/A       67%         3
 Teleport Other           Tloc           4%         N/A       67%         3
 Petrify                  Tmut/Erth      4%         N/A       97%         4
 Freezing Cloud           Conj/Ice/Air   2%         6-21      100%        5
 Metabolic Englaciation   Hex/Ice        2%         N/A       100%        5
 Dispersal                Tloc           2%         N/A       100%        6
 Statue Form              Tmut/Erth      2%         N/A       100%        6
 Orb of Destruction       Conj           2%         9d5       100%        7
 Spellforged Servitor     Conj/Summ      2%         N/A       100%        7


Dungeon Overview and Level Annotations

Branches:
Dungeon (7/15)             Temple (0/1) D:6

Altars:
Ashenzari
Kikubaaqudgha
Makhleb
Qazlal
Uskayaw
Vehumet
Yredelemnul

Shops:
D:1 [   D:3 (   D:5 [


Innate Abilities, Weirdness & Mutations

You are very small and have problems with some larger weapons.
You are too small for most types of armour.
You have supernaturally acute eyesight. (SInv)
You cover ground extremely quickly. (Speed+++)


Message History

You kill the orc!
Makhleb accepts your kill.
Things that are here:
a +0 hand axe; a +0 scale mail
Things that are here:
a +0 hand axe; a +0 scale mail You see here a +0 hand axe.
Things that are here:
a +1 vorpal flail; a +0 scale mail; an orc corpse
Items here: )) [ ††.
The orc priest shouts!
The orc priest invokes the aid of Beogh against you.
Beogh smites you!
You see here 13 gold pieces.
The orc priest hits you with a +0 club.
You see here 13 gold pieces.
You hit the orc priest but do no damage.
Your weapon exudes an aura of protection.
The orc priest closely misses you.
You hit the orc priest.
The orc priest is lightly wounded.
The orc priest mumbles some strange prayers to Beogh against you.
Beogh smites you!
The orc priest mumbles some strange prayers to Beogh against you.
Beogh smites you!
* * * LOW HITPOINT WARNING * * *
You hit the orc priest.
The orc priest is moderately wounded.
You block the orc priest's attack.
You closely miss the orc priest.
The orc priest is moderately wounded.
The orc priest invokes the aid of Beogh against you.
Beogh smites you!
* * * LOW HITPOINT WARNING * * *
Unknown command.
You closely miss the orc priest.
The orc priest is moderately wounded.
The orc priest invokes the aid of Beogh against you.
Beogh smites you!
You die...

#..........#
##...........
##.......<###.
#.........# ##
#........## ##
####.....))## #.
##.......))## #.
##..........## #♣
#o@.#####..>.####♣
#..##..####...!....♣
.... ##........#....♣
.....###..P...P#.##...♣
### ....P........# #..♣
.......#.....# ..♣
...PP.###...## .♣
#...o.. .[..P# .
#...o......PP# .#


You could see an orc priest.

Vanquished Creatures
  3 yaks (D:6)
  Sigmund (D:3)
  Menkaure (D:7)
  3 black bears
  2 ice beasts (D:5)
  A centaur (D:6)
  A phantom (D:6)
  A bullfrog (D:6)
  3 scorpions (D:6)
  A water moccasin zombie (D:5)
  A howler monkey (D:7)
  A bullfrog zombie (D:5)
  3 hounds
  A jelly (D:5)
  An iguana (D:6)
  An orc wizard (D:7)
  5 adders
  A shadow imp (D:3)
  A white imp (D:7)
  2 ufetubi
  A worm (D:5)
  2 dart slugs (D:3)
  14 orcs
  4 bats
  5 endoplasms
  A giant cockroach (D:2)
  6 goblins
  8 hobgoblins
  5 quokkas
  6 ball pythons
  6 frilled lizards
  9 kobolds
  10 rats
111 creatures vanquished.

Vanquished Creatures (collateral kills)
  An adder (D:2)
  An endoplasm (D:1)
2 creatures vanquished.

Vanquished Creatures (others)
  An orc priest (D:7)
  An adder (D:2)
  28 plants (D:1)
  20 withered plants (D:7)
50 creatures vanquished.

Grand Total: 163 creatures vanquished

Notes
Turn   | Place    | Note
-------+----------+-------------------------------------------
     0 | D:1      | HOAXBANE2 the Spriggan Artificer began the quest for the
                  | Orb.
     0 | D:1      | Reached XP level 1. HP: 9/9 MP: 2/2
   434 | D:1      | Reached skill level 1 in Fighting
   644 | D:1      | Found Mixt's Antique Armour Shoppe.
  1335 | D:1      | Found a faded altar of an unknown god.
  1457 | D:1      | Reached XP level 2. HP: 12/14 MP: 3/3
  3566 | D:2      | Reached skill level 5 in Evocations
  3566 | D:2      | Reached XP level 3. HP: 4/18 MP: 4/4
  3921 | D:2      | Found a stormy altar of Qazlal.
  4129 | D:2      | Reached skill level 1 in Spellcasting
  4981 | D:3      | Found Xiniw's Antique Weapon Emporium.
  5173 | D:3      | Reached XP level 4. HP: 22/22 MP: 7/7
  5466 | D:3      | Noticed Sigmund
  5471 | D:3      | Killed Sigmund
  5472 | D:3      | Reached XP level 5. HP: 25/25 MP: 7/11
  6226 | D:4      | Noticed a black bear
  6499 | D:4      | Killed a black bear
  6500 | D:4      | Reached XP level 6. HP: 21/30 MP: 12/14
  6511 | D:4      | Reached skill level 5 in Spellcasting
  6703 | D:4      | Found a broken altar of Ashenzari.
  6878 | D:4      | Found a hide-covered altar of Uskayaw.
  7109 | D:5      | Entered Level 5 of the Dungeon
  7109 | D:5      | Noticed an ice beast
  7118 | D:5      | Killed an ice beast
  7119 | D:5      | Reached skill level 5 in Dodging
  7245 | D:5      | Found Woskaem's Antique Armour Shop.
  7285 | D:5      | Reached XP level 7. HP: 33/33 MP: 15/15
  7428 | D:1      | Bought a ripped robe for 148 gold pieces
  7428 | D:1      | Identified the +2 robe of Minor Irritation {rPois Regen+
                  | Str-2 Dex-4} (You bought it in a shop on level 1 of the
                  | Dungeon)
  7830 | D:5      | Found a burning altar of Makhleb.
  7878 | D:5      | Became a worshipper of Makhleb the Destroyer
  7954 | D:5      | Identified the +4 leather armour "Vookhli" {Rampage Drain
                  | Slay+2 Stlth+}
  8009 | D:5      | Found a radiant altar of Vehumet.
  8266 | D:5      | Reached skill level 1 in Invocations
  8285 | D:5      | Found a basalt altar of Yredelemnul.
  8608 | D:6      | Reached XP level 8. HP: 37/37 MP: 16/16
  8892 | D:6      | Found a staircase to the Ecumenical Temple.
  8919 | D:6      | Reached skill level 5 in Invocations
  9726 | D:7      | Noticed Menkaure
  9731 | D:7      | Killed Menkaure
  9778 | D:7      | Found an ancient bone altar of Kikubaaqudgha.
  9835 | D:7      | Reached XP level 9. HP: 41/41 MP: 17/17
  9838 | D:7      | Reached * piety under Makhleb
  9953 | D:7      | Killed from afar by an orc priest

Illustrated notes

Levels and vault maps discovered:
D:1:      lightli_arrival_farm, layout_rooms, basic_ecumenical_altar,
          serial_shops, nicolae_shop_stone, serial_park_tiny_1, st_stairs_1,
          corexii_hall_statues_l
D:2:      layout_basic, basic_altar, grunt_ministairs_12
D:3:      layout_loops_corners, serial_shops, nicolae_shop_hallway_stairs,
          uniq_sigmund
D:4:      layout_cave_pools, evilmike_ruin_ashenzari,
          mainiacjoe_overflow_24_doors
D:5:      layout_cave_pods, lemuel_tele_altar, kennysheep_little_box,
          lemuel_zombie_altar_yredelemnul, serial_shops, shop
D:6:      layout_basic, minmay_temple_entry_metal_lava, minivault_5
D:7:      layout_layer_cave, good_gods_temple_1, kiku_gazebo_garden_becter,
          kennysheep_diamond, dilly_guarded_unrand_morg, uniq_prince_ribbit1,
          uniq_menkaure

Skill      XL: |  1  2  3  4  5  6  7  8 |
---------------+-------------------------+-----
Fighting       | 1 |  1.0
Stealth        | 2 |  2.0
Dodging        | 4 6 8 |  8.0
Evocations     | 5 6 7 |  7.0
Spellcasting   | 1 3 4 5 |  5.0
Invocations    | 3 8 |  8.2

Action                   |  1- 3 |  4- 6 |  7- 9 || total
-------------------------+-------+-------+-------++-------
Melee: Club              |    34 |       |       ||    34
       Staff             |    24 |       |       ||    24
       Dagger            |   166 |    88 |       ||   254
       Punch             |     4 |       |       ||     4
       Flail             |       |    10 |    74 ||    84
       Falchion          |       |       |   305 ||   305
Throw: Dart              |       |     7 |    15 ||    22
Evoke: Wand              |     2 |    14 |     6 ||    22
  Use: Scroll            |       |     4 |     3 ||     7
 Stab: Sleeping          |     4 |     6 |     3 ||    13
       Distracted        |     1 |       |       ||     1
Armor: Robe              |    18 |    10 |    95 ||   123
Dodge: Dodged            |   163 |    65 |   346 ||   574
Block: Buckler           |       |    28 |   167 ||   195
